 Dungeon Crawl Stone Soup version 0.31-a0-325-g067879e3d3 (webtiles) character file.

Game seed: 14137632487100627789

436 cforsyth the Changeling (level 6, -3/48 HPs)
             Began as a Vampire Shapeshifter on July 19, 2023.
             Splashed by a jelly's acid (9 damage)
             ... on level 4 of the Dungeon.
             The game lasted 00:04:20 (2609 turns).

cforsyth the Changeling (Vampire Shapeshifter)      Turns: 2609, Time: 00:04:21

Health: -3/48      AC: -8    Str: 16    XL:     6   Next: 69%
Magic:  6/6        EV: 10    Int: 10    God:
Gold:   248        SH:  0    Dex: 15    Spells: 5/5 levels left

rFire   . .          .
                       - Unarmed
rCold   . . .        (no shield)
rNeg    . . .        m - +2 scale mail {rPois}
rPois   +            (helmet currently unavailable)
rElec   .            (cloak currently unavailable)
rCorr   .            (gloves currently unavailable)
SInv    +            (boots currently unavailable)
Will    .....        (no amulet) Stlth
                     (no ring)
HPRegen 0.48/turn    (no ring)
MPRegen 0.10/turn

%: no passive effects
@: beast-form, corroded, healing quickly
A: beast (slay +3), alive, fangs 3, see invisible, vampiric 2
a: Exsanguinate, Begin Untransformation


You were on level 4 of the Dungeon.
You were a hulking beast.
You visited 1 branch of the dungeon, and saw 4 of its levels.
You also visited: Sewer.

You collected 248 gold pieces.

Inventory:

Armour
 m - a +2 scale mail of poison resistance (worn)
 x - a +0 pair of gloves
Jewellery
 l - a ring of willpower
Talismans
 c - a beast talisman
Wands
 w - a wand of flame (24)
Scrolls
 a - 2 scrolls of amnesia {unknown}
 d - 3 scrolls of teleportation {unknown}
 f - a scroll of blinking {unknown}
 g - a scroll of silence {unknown}
 j - 4 scrolls of identify {unknown}
 k - a scroll of fear {unknown}
 p - 2 scrolls of revelation {unknown}
 q - a scroll of acquirement {unknown}
 t - a scroll of poison {unknown}
 u - a scroll of immolation {unknown}
Potions
 b - 2 potions of lignification
 e - a potion of might {unknown}
 h - 3 potions of curing {unknown}
 i - a potion of brilliance {unknown}
 n - 2 potions of attraction {unknown}
 o - 2 potions of invisibility {unknown}
 r - 4 potions of enlightenment
 s - a potion of haste {unknown}
 v - a potion of mutation {unknown}


   Skills:
 + Level 4.1 Fighting
 - Level 2.1 Dodging
 + Level 4.7 Unarmed Combat
 + Level 4.9 Shapeshifting


You had 5 spell levels left.
You didn't know any spells.
Your spell library contained the following spells:

 Spells                   Type           Power      Damage    Failure   Level
 Slow                     Hex            0%         N/A       82%         1
 Confusing Touch          Hex            0%         N/A       99%         3
 Vampiric Draining        Necr           0%         2d6       99%         3


Dungeon Overview and Level Annotations

Branches:
Dungeon (4/15)              Sewer (visited)
 Temple: D:4-7

Altars:
Kikubaaqudgha
Nemelex Xobeh
Xom


Innate Abilities, Weirdness & Mutations

You are a hulking beast.
Your limbs bulge with bestial killing power. (Slay +3)
Your natural rate of healing is accelerated.
You have razor-sharp teeth.
You have supernaturally acute eyesight. (SInv)
You are afflicted with vampirism and can become a bat while bloodless.


Message History

You kill the goblin!
The jelly hits you but does no damage.
You see here a +0 club.
You hit the jelly.
Your hands burn!
The jelly is moderately wounded.
The jelly hits you. The acid corrodes you!
You are splashed with acid!
You hit the jelly.
Your hands burn!
You bite the jelly, but do no damage.
The jelly is heavily wounded.
The jelly hits you but does no damage.
You hit the jelly. The acid corrodes you!
Your hands burn!
You bite the jelly, but do no damage.
The jelly is heavily wounded.
The jelly hits you.
You are splashed with acid.
You hit the jelly.
Your hands burn!
The jelly is severely wounded.
You hit the jelly but do no damage.
Your hands burn!
The jelly is severely wounded.
The jelly barely misses you.
You are too injured to fight recklessly!
You are too injured to fight recklessly!
You are too injured to fight recklessly!
You are too injured to fight recklessly!
You are too injured to fight recklessly!
You are too injured to fight recklessly!
You hit the jelly. The acid corrodes you!
Your hands burn!
You bite the jelly, but do no damage.
The jelly is almost dead.
The jelly closely misses you.
You hit the jelly but do no damage.
Your hands burn!
The jelly is almost dead.
The jelly hits you. The acid corrodes you!
You are splashed with acid.
* * * LOW HITPOINT WARNING * * *
You hit the jelly but do no damage.
Your hands burn!
* * * LOW HITPOINT WARNING * * *
You bite the jelly, but do no damage.
The jelly is almost dead.
The jelly hits you.
* * * LOW HITPOINT WARNING * * *
You are splashed with acid!
You die...

##............#.!....
##...............<..
##..>...$..........
##...###..........
#####............
##.............
#.......†.......
#..##............ .#
##...h.......
#...J.......
#.......[....
#............
#............
.......>......
..#............
###............


You could see a jelly.

Vanquished Creatures
  Sigmund (D:3)
  Jessica (D:3)
  4 gnolls
  3 adders
  7 river rats (Sewer)
  A shadow imp (D:3)
  4 worms
  4 orcs (D:3)
  9 ball pythons
  13 bats
  7 endoplasms
  3 giant cockroaches
  5 hobgoblins
  11 jackals
  6 kobolds
  4 quokkas
  11 frilled lizards
  4 goblins
  7 rats
105 creatures vanquished.

Notes
Turn   | Place    | Note
-------+----------+-------------------------------------------
     0 | D:1      | cforsyth the Vampire Shapeshifter began the quest for the
                  | Orb.
     0 | D:1      | Reached XP level 1. HP: 16/16 MP: 1/1
   112 | D:1      | Reached XP level 2. HP: 21/22 MP: 2/2
   478 | D:1      | Found a faded altar of an unknown god.
   571 | D:2      | Gained mutation: You are afflicted with vampirism and can
                  | become a bat while bloodless. [Vampire growth]
   571 | D:2      | Reached XP level 3. HP: 26/28 MP: 3/3
   998 | D:2      | Reached XP level 4. HP: 23/34 MP: 4/4
  1142 | D:3      | Noticed Sigmund
  1158 | D:3      | Killed Sigmund
  1159 | D:3      | Reached XP level 5. HP: 41/41 MP: 5/5
  1237 | D:3      | Reached XP level 6. HP: 33/47 MP: 6/6
  1252 | D:3      | Found a glowing drain.
  1264 | Sewer    | Entered a sewer
  2122 | D:3      | Noticed Jessica
  2129 | D:3      | Killed Jessica
  2287 | D:3      | Found a sparkling altar of Nemelex Xobeh.
  2402 | D:4      | Found an ancient bone altar of Kikubaaqudgha.
  2549 | D:4      | Found a shimmering altar of Xom.
  2609 | D:4      | Splashed by a jelly's acid

Illustrated notes

Levels and vault maps discovered:
D:1:      lightli_arrival_boilingwater, layout_rooms,
          shapermc_ecumenical_altar_mp_vishouse
D:2:      layout_rooms, minmay_misc_feat_cross
D:3:      layout_rooms, nemelex_diamond_rough_becter, portal_sewer_entry_c,
          uniq_sigmund, uniq_jessica
D:4:      layout_cave_pods, mainiacjoe_overflow_catch_the_wave,
          minmay_temple_entry_nine_rooms, nicolae_letterblocks
          [nicolae_letter_subblock, nicolae_letter_subblock,
          nicolae_letter_subblock, nicolae_letter_subblock,
          nicolae_letter_subblock, nicolae_letter_subblock,
          nicolae_letter_subblock, nicolae_letter_subblock,
          nicolae_letter_subblock, nicolae_letter_subblock,
          nicolae_letter_subblock, nicolae_letter_subblock,
          nicolae_letter_subblock, nicolae_letter_subblock,
          nicolae_letter_subblock, nicolae_letter_subblock,
          nicolae_letter_subblock, nicolae_letter_subblock,
          nicolae_letter_subblock, nicolae_letter_subblock,
          nicolae_letter_subblock, nicolae_letter_subblock,
          nicolae_letter_subblock, nicolae_letter_subblock,
          nicolae_letter_subblock]

Skill      XL: |  1  2  3  4  5  6 |
---------------+-------------------+-----
Fighting       | 2 3 4 |  4.1
Unarmed Combat | 3 4 |  4.7
Shapeshifting  | 4 |  4.9
Dodging        | |  2.1

Action                     |  1- 3 |  4- 6 || total
---------------------------+-------+-------++-------
  Melee: Unarmed           |   117 |   180 ||   297
         Bite              |    16 |    11 ||    27
         Punch             |     2 |     4 ||     6
    Use: Potion            |       |     1 ||     1
 Armour: Animal skin       |    13 |       ||    13
         Scale mail        |    17 |   101 ||   118
         Skin              |       |     5 ||     5
  Dodge: Dodged            |    60 |   119 ||   179

Table legend: (Time is in decaauts)
 A = Elapsed time spent in this place.
 B = Non-inter-level travel time spent in this place.
 C = Inter-level travel time spent in this place.
 D = Time resting spent in this place.
 E = Time spent auto-exploring this place.
 F = Levels seen in this place.
 G = Mean time per level.
                   A        B        C        D        E       F      G
               +--------+--------+--------+--------+--------+-----+--------+
         Total |   2742 |   2701 |     41 |    151 |   1801 |   5 |  548.4 |
       Dungeon |   1958 |   1917 |     41 |    151 |   1220 |   4 |  489.5 |
         Sewer |    783 |    783 |      0 |      0 |    581 |   1 |  783.0 |
               +--------+--------+--------+--------+--------+-----+--------+

Top non-repeatable levels by time:
   Sewer: 783 daAuts
     D:2: 598 daAuts
     D:3: 597 daAuts
     D:1: 523 daAuts
     D:4: 239 daAuts
